[Event "Titled Tuesday Blitz February 21 Early 2023"]
[White "Thomas, Anysia"]
[Black "Pein, Jonathan"]
[WhiteFideId "670472"]
[BlackFideId "417092"]
[WhiteElo "2147"]
[BlackElo "2265"]
[Result "0-1"]
[Round "04"]
[TimeControl "180+2"]
[Date "2023.02.21"]
[WhiteClock "0:00:18"]
[BlackClock "0:01:29"]

1. d4 d6 2. Nf3 Nf6 3. c4 g6 4. Nc3 Bg7 5. h3 O-O 6. e4 b6 7. Be3 Bb7 8. d5 c6 9. Be2 Nbd7 10. Nd2 e6 11. O-O Nc5 12. dxe6 Nxe6 13. Rc1 Re8 14. b4 a5 15. a3 axb4 16. axb4 Ra3 17. Ndb1 Ra1 18. Qb3 Qa8 19. Bxb6 c5 20. f3 Nd4 21. Qd1 cxb4 22. Bxd4 bxc3 23. Bxc3 Ra2 24. Rc2 Nh5 25. Bxg7 Kxg7 26. Qd4+ Kg8 27. Rxa2 Qxa2 28. Nc3 Qc2 29. Qd3 Qb2 30. Nd5 Bxd5 31. cxd5 Nf4 32. Qb5 Nxe2+ 0-1


[Site "https://www.chess.com"]

[Event "Titled Tuesday Blitz February 21 Early 2023"]
[White "Shuvalov, Evgenij"]
[Black "Simonovic, Miroslav"]
[WhiteFideId "4187237"]
[BlackFideId "919152"]
[WhiteElo "2038"]
[BlackElo "2082"]
[Result "1-0"]
[Round "04"]
[TimeControl "180+2"]
[Date "2023.02.21"]
[WhiteClock "0:00:42"]
[BlackClock "0:00:26"]

1. h4 c5 2. h5 Nc6 3. e4 e5 4. Nc3 d6 5. Bc4 Nf6 6. d3 h6 7. f3 Be7 8. Nge2 Be6 9. Be3 Qd7 10. Qd2 d5 11. exd5 Nxd5 12. Nxd5 Bxd5 13. Bxd5 Qxd5 14. Nc3 Qd7 15. Ne4 Nd4 16. c3 Ne6 17. O-O-O O-O-O 18. g4 f6 19. Qc2 Kb8 20. Qb3 Ng5 21. Bxg5 hxg5 22. Ng3 Rhe8 23. Nf5 Bf8 24. Rhe1 Qd5 25. Qxd5 Rxd5 26. Kc2 Red8 27. Re4 Kc7 28. Ree1 b6 29. a4 a5 30. Re3 Kc6 31. Kb3 Kc7 32. Kc4 R5d7 33. Ree1 Kc6 34. Rh1 Kc7 35. Rd2 Kc6 36. h6 g6 37. h7 Rxh7 38. Rxh7 gxf5 39. gxf5 Bd6 40. Rf7 Rf8 41. Rxf8 Bxf8 42. Rh2 Be7 43. Rh7 Kd6 44. Kb5 Bd8 45. c4 Bc7 46. Rf7 Bd8 47. b3 e4 48. dxe4 Ke5 49. Rd7 Kf4 50. Rxd8 Kxf3 51. e5 fxe5 52. f6 g4 53. f7 g3 54. f8=Q+ Ke2 55. Qf5 1-0


[Site "https://www.chess.com"]

[Event "Titled Tuesday Blitz February 21 Early 2023"]
[White "Buksa, Nataliya"]
[Black "Cramling Bellon, Anna"]
[WhiteFideId "14123622"]
[BlackFideId "32009232"]
[WhiteElo "2406"]
[BlackElo "2043"]
[Result "0-1"]
[Round "04"]
[TimeControl "180+2"]
[Date "2023.02.21"]
[WhiteClock "0:00:56"]
[BlackClock "0:00:09"]

1. d4 Nf6 2. Nc3 d5 3. Bf4 a6 4. e3 c5 5. Nf3 Nc6 6. dxc5 e6 7. Na4 Bxc5 8. Nxc5 Qa5+ 9. c3 Qxc5 10. Be2 O-O 11. O-O Qe7 12. c4 dxc4 13. Bxc4 e5 14. Bg5 Bg4 15. h3 Bh5 16. Be2 Rfd8 17. Qb3 e4 18. Nd4 Nxd4 19. exd4 Bxe2 20. Rfe1 Bh5 21. Bxf6 Qxf6 22. Qxb7 Qxd4 23. Rxe4 Qd2 24. Rae1 h6 25. a4 Rdb8 26. Qc6 Qxb2 27. Re7 Rc8 28. Qe4 Bg6 29. Qf4 Qb8 30. Qf3 Qd6 31. h4 Qf6 32. Qg4 Rc2 33. f3 h5 34. Qg3 Rd8 35. Re8+ Rxe8 36. Rxe8+ Kh7 37. Qb8 Rc1+ 38. Kf2 Qxh4+ 39. Ke3 Re1+ 40. Kd2 Qf2+ 41. Kc3 Rxe8 42. Qxe8 Qc2+ 43. Kb4 Qb2+ 44. Ka5 Qb7 45. Qe5 Kg8 46. Qe8+ Kh7 47. Qe5 Qd7 48. Qf4 Qf5+ 49. Qxf5 Bxf5 50. Kxa6 Bd3+ 51. Kb6 g5 52. Kc5 f5 53. Kd4 Bf1 54. g3 h4 55. gxh4 gxh4 56. Ke3 h3 57. Kf2 Bc4 58. Kg3 Kg6 59. Kxh3 Kg5 60. Kg3 f4+ 61. Kf2 Kf5 62. Ke1 Ke5 63. Kd2 Kd4 64. a5 Ba6 65. Ke1 Ke3 66. Kd1 Kxf3 67. Ke1 Kg2 68. Kd2 f3 69. Ke3 f2 70. Kd4 f1=Q 71. Kc5 Qb5+ 72. Kd6 Qxa5 73. Kc6 Qb5+ 74. Kc7 Kf3 75. Kd8 Qb7 76. Ke8 Ke4 77. Kf8 Kf5 78. Kg8 Kg6 79. Kh8 Qg7# 0-1


[Site "https://www.chess.com"]

[Event "Titled Tuesday Blitz February 21 Early 2023"]
[White "Tarnowska, Aleksandra"]
[Black "Rosenberg, Evan S"]
[WhiteFideId "1180967"]
[BlackFideId "2019299"]
[WhiteElo "1835"]
[BlackElo "1956"]
[Result "0-1"]
[Round "04"]
[TimeControl "180+2"]
[Date "2023.02.21"]
[WhiteClock "0:00:04"]
[BlackClock "0:01:06"]

1. e4 e5 2. Nf3 Nc6 3. Bb5 Nf6 4. O-O Nxe4 5. Re1 Nd6 6. Nxe5 Be7 7. Nxc6 dxc6 8. Ba4 O-O 9. d4 Bf6 10. c3 Bf5 11. Bf4 Qd7 12. Bc2 Rae8 13. Be3 Nc4 14. b3 Nxe3 15. fxe3 Bh4 16. g3 Bg5 17. Bxf5 Qxf5 18. Qd2 Qf3 19. Qg2 Bxe3+ 20. Kh1 Qf5 21. Na3 b5 22. Nc2 Bf2 23. Rf1 Qxc2 24. Rxf2 Qxc3 25. Raf1 f6 26. d5 c5 27. d6 cxd6 28. Qd5+ Rf7 29. Qxd6 Qd4 30. Qc6 Qe4+ 31. Qxe4 Rxe4 32. Rd2 Rd4 33. Re2 Rfd7 34. Rff2 c4 35. bxc4 bxc4 36. Kg2 c3 37. Kh3 Rd2 38. Re8+ Kf7 39. Rxd2 cxd2 40. Rc8 d1=Q 0-1


[Site "https://www.chess.com"]

[Event "Titled Tuesday Blitz February 21 Early 2023"]
[White "Davidson, Kevin"]
[Black "Kiseljova, Marya"]
[WhiteFideId "2056810"]
[BlackFideId "4155009"]
[WhiteElo "2154"]
[BlackElo "2031"]
[Result "0-1"]
[Round "04"]
[TimeControl "180+2"]
[Date "2023.02.21"]
[WhiteClock "0:00:16"]
[BlackClock "0:00:14"]

1. e4 c5 2. Nf3 Nc6 3. d4 cxd4 4. Nxd4 g6 5. Be3 Bg7 6. c4 d6 7. Nc3 Nf6 8. Be2 O-O 9. O-O Bd7 10. Nc2 a5 11. b3 Ne8 12. Qd2 Nb4 13. Rab1 Nc7 14. Nxb4 axb4 15. Nd1 b5 16. cxb5 Nxb5 17. Qxb4 Na3 18. Rc1 Be6 19. Nc3 Qb8 20. Qxb8 Rfxb8 21. Rfd1 Ra5 22. f3 h5 23. Kf2 Rc8 24. Nd5 Rxc1 25. Bxc1 Bxd5 26. Rxd5 Rxd5 27. exd5 Nc2 28. Bc4 Kf8 29. a4 Ke8 30. Ke2 Nd4+ 31. Kd3 Kd7 32. Be3 Nf5 33. Bf2 e5 34. b4 Kc7 35. a5 Ne7 0-1


[Site "https://www.chess.com"]

[Event "Titled Tuesday Blitz February 21 Early 2023"]
[White "Winkels, Marcel"]
[Black "Sarkar, Justin"]
[WhiteFideId "1003887"]
[BlackFideId "2010011"]
[WhiteElo "1960"]
[BlackElo "2309"]
[Result "1-0"]
[Round "04"]
[TimeControl "180+2"]
[Date "2023.02.21"]
[WhiteClock "0:00:32"]
[BlackClock "0:00:01"]

1. e4 c5 2. Nf3 Nc6 3. d4 cxd4 4. Nxd4 g6 5. c4 Bg7 6. Nc2 Nf6 7. Nc3 d6 8. Bd3 O-O 9. O-O Nd7 10. Bg5 Bxc3 11. bxc3 Nc5 12. Ne3 Ne5 13. Bc2 Be6 14. Nd5 f6 15. Bh6 Re8 16. Qe2 Rc8 17. f4 Nf7 18. f5 Bxd5 19. exd5 Nxh6 20. fxg6 hxg6 21. Bxg6 Kg7 22. Bxe8 Qxe8 23. Rf3 Qf7 24. Rg3+ Kf8 25. Qd2 Nf5 26. Rf3 Qg6 27. Raf1 Ng7 28. Rg3 Qf7 29. Qh6 Ne4 30. Rg4 f5 31. Rxe4 fxe4 32. Rxf7+ Kxf7 33. Qf4+ Kg8 34. Qxe4 Kf7 35. h4 Rc5 36. h5 Nxh5 37. Qh7+ Ng7 38. Qe4 a5 39. g4 a4 40. g5 a3 41. g6+ Kf6 42. Kf2 b5 43. cxb5 Rxb5 44. Ke3 Rb2 45. Qd4+ Kxg6 46. Qc4 1-0


[Site "https://www.chess.com"]

[Event "Titled Tuesday Blitz February 21 Early 2023"]
[White "Hernandez Bonilla, Amelia"]
[Black "Buganca, Luiz Henrique Da Silva"]
[WhiteFideId "3900193"]
[BlackFideId "2182289"]
[WhiteElo "1960"]
[BlackElo "1920"]
[Result "1-0"]
[Round "04"]
[TimeControl "180+2"]
[Date "2023.02.21"]
[WhiteClock "0:00:06"]
[BlackClock "0:00:01"]

1. d4 Nf6 2. Bf4 c5 3. d5 e6 4. c4 exd5 5. cxd5 d6 6. Nc3 g6 7. e4 Bg7 8. Nf3 O-O 9. Be2 Qe7 10. Nd2 a6 11. a4 Nfd7 12. O-O Ne5 13. Be3 h5 14. h3 Re8 15. f4 Ned7 16. Bf3 Nf8 17. Bf2 Nbd7 18. Re1 Qd8 19. Nc4 Nb6 20. Nd2 Rb8 21. a5 Na8 22. Nc4 b5 23. axb6 Nxb6 24. Na5 Bd7 25. Qd3 Qc8 26. Bg3 Na8 27. Ra2 Rb4 28. e5 h4 29. Bh2 Bf5 30. Qf1 Nb6 31. Nc6 Nc4 32. Nxb4 cxb4 33. Ne4 dxe5 34. Rc1 Bxe4 35. Rxc4 Bxf3 36. Rxc8 Rxc8 37. gxf3 exf4 38. Bxf4 b3 39. Rxa6 Bxb2 40. Rc6 Bd4+ 41. Kg2 Ra8 42. Rc1 Ra2+ 43. Kh1 Rf2 44. Qd1 Bf6 45. d6 1-0


[Site "https://www.chess.com"]

[Event "Titled Tuesday Blitz February 21 Early 2023"]
[White "Melikhov, Evgeny V."]
[Black "kiwibobo"]
[WhiteFideId "4122046"]
[WhiteElo "2269"]
[BlackElo "2140"]
[Result "1-0"]
[Round "04"]
[TimeControl "180+2"]
[Date "2023.02.21"]
[WhiteClock "0:01:25"]
[BlackClock "0:01:07"]

1. d4 Nf6 2. c4 g6 3. Nc3 d5 4. cxd5 Nxd5 5. e4 Nxc3 6. bxc3 Bg7 7. Bc4 O-O 8. Ne2 Nc6 9. h4 Na5 10. Bd3 c5 11. Be3 cxd4 12. cxd4 Nc6 13. Bc4 Qa5+ 14. Kf1 b6 15. h5 b5 16. Bb3 Bg4 17. hxg6 hxg6 18. f3 Bd7 19. Bh6 e6 20. Qc1 Nxd4 21. Bxg7 Nxe2 22. Qh6 Ng3+ 23. Kf2 Nxh1+ 24. Rxh1 f5 25. Qxg6 Qd2+ 26. Kg3 f4+ 27. Kh3 Rf7 28. Bc3+ Kf8 29. Bxd2 e5+ 1-0


[Site "https://www.chess.com"]

[Event "Titled Tuesday Blitz February 21 Early 2023"]
[White "Seifert, Henryk"]
[Black "Smith, Garrett L"]
[WhiteFideId "1100963"]
[BlackFideId "2024829"]
[WhiteElo "2106"]
[BlackElo "2047"]
[Result "0-1"]
[Round "04"]
[TimeControl "180+2"]
[Date "2023.02.21"]
[WhiteClock "0:00:01"]
[BlackClock "0:00:23"]

1. e4 c5 2. Nf3 Nc6 3. Bb5 e6 4. O-O Nge7 5. Re1 a6 6. Bf1 d5 7. exd5 Nxd5 8. d4 Nf6 9. Be3 Ng4 10. c3 Nxe3 11. fxe3 Be7 12. Bd3 O-O 13. Nbd2 h6 14. Rc1 e5 15. Bb1 Bf6 16. Nb3 cxd4 17. exd4 Bg4 18. d5 Ne7 19. c4 Qd6 20. h3 Bh5 21. Nbd2 Bg6 22. Ne4 Qb6+ 23. Kh1 Nf5 24. Nxf6+ Qxf6 25. Nxe5 Ng3+ 26. Kh2 Qf4 27. Nxg6 fxg6 28. Qf3 Qxf3 29. gxf3 Rxf3 30. Kg2 Raf8 31. Rc2 g5 32. Rd2 Nh5 33. d6 Rg3+ 34. Kh2 Rd8 35. d7 Nf6 36. Bf5 Rf3 37. Bg4 Nxg4+ 38. hxg4 Rff8 39. Re7 Rf7 40. Rde2 Rxe7 41. Rxe7 Kf8 0-1


[Site "https://www.chess.com"]

[Event "Titled Tuesday Blitz February 21 Early 2023"]
[White "Ricaurte Lopez, Juan Carlos"]
[Black "Tsyhanchuk, Stanislav"]
[WhiteFideId "3600327"]
[BlackFideId "13505130"]
[WhiteElo "2226"]
[BlackElo "2273"]
[Result "0-1"]
[Round "04"]
[TimeControl "180+2"]
[Date "2023.02.21"]
[WhiteClock "0:00:01"]
[BlackClock "0:00:03"]

1. e4 c5 2. Nf3 d6 3. d4 cxd4 4. c3 dxc3 5. Nxc3 Nc6 6. Bc4 e6 7. O-O Nf6 8. Qe2 Be7 9. Rd1 e5 10. Be3 a6 11. Rd2 Bg4 12. Rad1 O-O 13. Nd5 b5 14. Nxf6+ gxf6 15. Bd5 Rc8 16. a4 bxa4 17. Qxa6 Nb4 18. Qxa4 Nxd5 19. Rxd5 Qc7 20. Rc1 Qb7 21. Rb5 Rxc1+ 22. Bxc1 Qc6 23. Bh6 Rc8 24. Qb4 d5 25. exd5 Qc2 26. Qxg4+ Qg6 27. Qxg6+ fxg6 28. h4 Kf7 29. Rb7 Ke8 30. h5 g5 31. Nd2 Rc1+ 32. Kh2 Bc5 33. Ne4 Be7 34. d6 Bd8 0-1


[Site "https://www.chess.com"]

[Event "Titled Tuesday Blitz February 21 Early 2023"]
[White "Kotepalli, Sai Nirupama"]
[Black "Calcada, Lucas Galvan"]
[WhiteFideId "5039444"]
[BlackFideId "22746099"]
[WhiteElo "1910"]
[BlackElo "1739"]
[Result "1-0"]
[Round "04"]
[TimeControl "180+2"]
[Date "2023.02.21"]
[WhiteClock "0:00:22"]
[BlackClock "0:00:05"]

1. e4 c5 2. Nf3 d6 3. d3 g6 4. g3 Bg7 5. Bg2 Nc6 6. O-O e5 7. c3 Nge7 8. a3 O-O 9. b4 b6 10. b5 Nb8 11. c4 Nd7 12. a4 a5 13. bxa6 Rxa6 14. Nc3 Re8 15. Nb5 Nf8 16. h4 Bg4 17. Qb3 Ne6 18. Bd2 Nc6 19. Bc3 Qd7 20. Rfe1 f5 21. Nh2 Bh5 22. exf5 gxf5 23. Bd5 Kh8 24. f4 exf4 25. Bxe6 Rxe6 26. Bxg7+ Qxg7 27. Rxe6 Qxa1+ 28. Kg2 Qg7 29. Nf1 fxg3 30. Rxd6 f4 31. Rxc6 f3+ 32. Kg1 Ra8 33. Qc3 f2+ 34. Kg2 Be8 35. Qxg7+ Kxg7 36. Rxb6 Bg6 37. Nxg3 Bxd3 38. Nh5+ 1-0


[Site "https://www.chess.com"]

[Event "Titled Tuesday Blitz February 21 Early 2023"]
[White "Mitrovic, Darko R"]
[Black "Da Silva Borges, Rodrigo"]
[WhiteFideId "927023"]
[BlackFideId "2115778"]
[WhiteElo "2220"]
[BlackElo "2199"]
[Result "0-1"]
[Round "04"]
[TimeControl "180+2"]
[Date "2023.02.21"]
[WhiteClock "0:00:01"]
[BlackClock "0:00:55"]

1. d4 d5 2. Nf3 Bf5 3. g3 e6 4. Bg2 Nc6 5. O-O Nb4 6. Na3 Be7 7. c3 Na6 8. Nc2 h5 9. h4 Nf6 10. Bg5 Ne4 11. Bxe7 Qxe7 12. Ne3 c6 13. c4 Nc7 14. cxd5 Nxd5 15. Nxf5 exf5 16. Qd3 O-O 17. e3 Rad8 18. Rad1 Rfe8 19. Nd2 g6 20. Nxe4 fxe4 21. Qb3 Kg7 22. Rc1 Rd6 23. Rc5 Rf6 24. a4 Rf5 25. Qa3 Qf6 26. b4 g5 27. hxg5 Rxg5 28. b5 h4 29. gxh4 Rxg2+ 30. Kxg2 Qf3+ 31. Kg1 Qg4+ 32. Kh2 Qxh4+ 33. Kg2 Qg4+ 34. Kh2 Rh8# 0-1


[Site "https://www.chess.com"]

[Event "Titled Tuesday Blitz February 21 Early 2023"]
[White "parintele_chess"]
[Black "Jaivardhan Raj"]
[BlackFideId "25744437"]
[WhiteElo "2249"]
[BlackElo "1901"]
[Result "0-1"]
[Round "04"]
[TimeControl "180+2"]
[Date "2023.02.21"]
[WhiteClock "0:01:08"]
[BlackClock "0:01:54"]

1. d4 Nf6 2. Nf3 e6 3. g3 b6 4. Bg2 Bb7 5. O-O Be7 6. c4 O-O 7. Nc3 d6 8. Qc2 Nbd7 9. Rd1 d5 10. b3 Rc8 11. Bb2 c5 12. dxc5 Bxc5 13. cxd5 Nxd5 14. Nxd5 Bxf2+ 15. Kxf2 Rxc2 16. Ba3 Bxd5 17. Bxf8 Qxf8 18. Nd4 Rc5 19. b4 Rc4 20. Bxd5 exd5 21. a3 Qe7 22. Nf3 Rc2 23. Nd4 Rc4 24. Nf3 Nf6 25. Rac1 Ng4+ 26. Ke1 Qc7 27. Rxc4 dxc4 28. Kf1 Ne3+ 0-1


[Site "https://www.chess.com"]

[Event "Titled Tuesday Blitz February 21 Early 2023"]
[White "Jesusesmifuerza"]
[Black "Tsotsonava, Elene"]
[BlackFideId "13615939"]
[WhiteElo "2002"]
[BlackElo "2053"]
[Result "0-1"]
[Round "04"]
[TimeControl "180+2"]
[Date "2023.02.21"]
[WhiteClock "0:00:01"]
[BlackClock "0:00:31"]

1. d4 d5 2. Nc3 c5 3. e4 dxe4 4. d5 e6 5. Bb5+ Bd7 6. dxe6 fxe6 7. Nge2 Nf6 8. Ng3 Nc6 9. Ncxe4 Qa5+ 10. Nc3 Be7 11. O-O O-O 12. Bd2 Qb6 13. Bc4 Ne5 14. Qe2 Nxc4 15. Qxc4 Qxb2 16. Rfc1 Qb4 17. Qe2 Qg4 18. Qe3 Bd6 19. Rd1 Nd5 20. Nxd5 exd5 21. Qb3 Bc6 22. Re1 Kh8 23. c4 d4 24. Qd3 Rae8 25. Rxe8 Rxe8 26. Re1 Rxe1+ 27. Bxe1 Qe6 28. Bd2 Bxg3 29. hxg3 Be4 30. Qe2 Bf5 31. Qxe6 Bxe6 32. Bf4 Bxc4 33. Bb8 d3 34. Bf4 Bxa2 35. Bd2 b5 36. f3 b4 37. Kf2 a5 38. Ke3 c4 39. Be1 Bb1 40. Kd4 Ba2 41. Bd2 c3 42. Bc1 d2 0-1


[Site "https://www.chess.com"]

[Event "Titled Tuesday Blitz February 21 Early 2023"]
[White "Kornyukov, Alexey"]
[Black "Better_Chess_Faster"]
[WhiteFideId "4150457"]
[WhiteElo "2452"]
[BlackElo "1968"]
[Result "1-0"]
[Round "04"]
[TimeControl "180+2"]
[Date "2023.02.21"]
[WhiteClock "0:00:21"]
[BlackClock "0:00:23"]

1. e4 Nf6 2. e5 Nd5 3. d4 d6 4. c4 Nb6 5. exd6 cxd6 6. Nf3 g6 7. Nc3 Bg7 8. Be2 O-O 9. O-O Bg4 10. h3 Bxf3 11. Bxf3 Nc6 12. c5 Nc4 13. b3 Nxd4 14. bxc4 dxc5 15. Bb2 Qa5 16. Kh1 Rad8 17. Nd5 e6 18. Nc3 Rd7 19. Qa4 Qxa4 20. Nxa4 b6 21. Rad1 Rfd8 22. Bxd4 cxd4 23. Rd3 e5 24. Rfd1 f5 25. Bd5+ Kf8 26. f3 Rxd5 27. cxd5 Rxd5 28. Nc3 Ra5 29. Ne2 Rxa2 30. R3d2 Ra4 31. f4 exf4 32. Nxd4 Kf7 33. Nc6 Ra3 34. Rd7+ Kg8 35. Rd8+ Bf8 36. Re1 f3 37. gxf3 Rxf3 38. Ree8 Rxh3+ 39. Kg2 Rc3 40. Rxf8+ Kg7 41. Ne5 a5 42. Rg8+ Kh6 43. Nf7+ Kh5 44. Rh8 f4 45. Rxh7+ Kg4 46. Rd5 Rc2+ 47. Kf1 a4 48. Rg5+ Kf3 49. Rh3+ Ke4 50. Nd6+ Kd4 51. Nb5+ Kc4 52. Na3+ Kd4 53. Nxc2+ Ke4 54. Rb5 f3 55. Ne3 Kxe3 56. Rxb6 a3 57. Rxg6 a2 58. Ra6 Kd2 59. Rxa2+ Kc3 60. Rxf3+ Kb4 61. Re2 Kc4 62. Re4+ Kd5 63. Rg4 Kc5 64. Rh3 1-0


[Site "https://www.chess.com"]

[Event "Titled Tuesday Blitz February 21 Early 2023"]
[White "Dias, Joao Batista"]
[Black "Levitan, Caleb Levi"]
[WhiteFideId "2108240"]
[BlackFideId "14332620"]
[WhiteElo "1796"]
[BlackElo "2129"]
[Result "0-1"]
[Round "04"]
[TimeControl "180+2"]
[Date "2023.02.21"]
[WhiteClock "0:01:52"]
[BlackClock "0:01:04"]

1. e4 c5 2. Nf3 e6 3. Bc4 d5 4. exd5 exd5 5. Bb5+ Bd7 6. Be2 Nf6 7. O-O Nc6 8. d3 Be7 9. c3 O-O 10. Bg5 h6 11. Bh4 Bf5 12. Nbd2 Re8 13. Re1 d4 14. c4 Nd7 15. Bxe7 Qxe7 16. Bf1 Qf6 17. a3 Nde5 18. Nxe5 Nxe5 19. Ne4 Qg6 20. Nxc5 b6 21. Ne4 Rad8 22. Rc1 Bg4 0-1


[Site "https://www.chess.com"]

[Event "Titled Tuesday Blitz February 21 Early 2023"]
[White "Desideri, Ricardo Maruchi"]
[Black "Jenkins, Drake"]
[WhiteFideId "2110440"]
[BlackFideId "2022397"]
[WhiteElo "1959"]
[BlackElo "2130"]
[Result "0-1"]
[Round "04"]
[TimeControl "180+2"]
[Date "2023.02.21"]
[WhiteClock "0:00:03"]
[BlackClock "0:00:30"]

1. e4 c6 2. d4 d5 3. e5 c5 4. dxc5 Nc6 5. f4 Nh6 6. a3 a5 7. c3 a4 8. Nf3 Bg4 9. Be3 e6 10. Nbd2 Qa5 11. Qc2 Nf5 12. Bf2 Bxc5 13. Bxc5 Qxc5 14. O-O-O Ne3 15. Qd3 Bf5 16. Qb5 Qxb5 17. Bxb5 Nxd1 18. Rxd1 Ke7 19. Bxc6 bxc6 20. Nd4 Bg4 21. Re1 c5 22. Nb5 h5 23. Nd6 h4 24. h3 Bh5 25. c4 Bg6 26. cxd5 exd5 27. f5 Bh5 28. Nf1 f6 29. Nb5 fxe5 30. Rxe5+ Kf6 31. Rxd5 Rhd8 0-1


[Site "https://www.chess.com"]

[Event "Titled Tuesday Blitz February 21 Early 2023"]
[White "Rosh Jain"]
[Black "Wickramasinghe, Minethma Lasandi"]
[WhiteFideId "25789465"]
[BlackFideId "9966170"]
[WhiteElo "2248"]
[BlackElo "1483"]
[Result "0-1"]
[Round "04"]
[TimeControl "180+2"]
[Date "2023.02.21"]
[WhiteClock "0:00:03"]
[BlackClock "0:00:59"]

1. e4 c5 2. Nf3 Nc6 3. d4 cxd4 4. Nxd4 g6 5. Nc3 Bg7 6. Be3 Nf6 7. f3 O-O 8. Qd2 d5 9. exd5 Nxd5 10. Nxd5 Qxd5 11. Nxc6 Qxc6 12. c3 Be6 13. Be2 Rfd8 14. Qc2 Bf5 15. Qb3 Be6 16. c4 Bd4 17. Bxd4 Rxd4 18. Rc1 Qc5 19. Qc3 Rad8 20. b4 Qg5 21. O-O Rd2 22. Rce1 Bf5 23. f4 Qh6 24. Qf3 b6 25. a4 Qg7 26. a5 Qd4+ 27. Kh1 bxa5 28. bxa5 Be4 29. Qg3 Qb2 30. Qf2 Bd3 31. Qe3 Bxe2 32. Qxe7 Bxf1 33. Rxf1 Rd1 34. Rg1 Rxg1+ 35. Kxg1 Rd1+ 36. Qe1 Rxe1# 0-1


[Site "https://www.chess.com"]

[Event "Titled Tuesday Blitz February 21 Early 2023"]
[White "Castillo Pena, Patricia Evarista"]
[Black "Nugumanov, Bakhtiyar"]
[WhiteFideId "6412106"]
[BlackFideId "13701797"]
[WhiteElo "1783"]
[BlackElo "2316"]
[Result "1-0"]
[Round "04"]
[TimeControl "180+2"]
[Date "2023.02.21"]
[WhiteClock "0:00:11"]
[BlackClock "0:00:04"]

1. d4 e6 2. Nf3 c5 3. e3 Nf6 4. Bd3 d5 5. b3 Be7 6. Bb2 O-O 7. O-O b6 8. Nbd2 Bb7 9. Qe2 Ne4 10. c4 Nxd2 11. Qxd2 cxd4 12. exd4 dxc4 13. bxc4 Bxf3 14. gxf3 Bf6 15. Rfd1 Nc6 16. Qf4 Rc8 17. Rac1 g6 18. Bb1 Bg5 19. Qe4 Bxc1 20. Bxc1 Re8 21. Bh6 Qf6 22. h4 e5 23. Bg5 Qd6 24. d5 Nd4 25. h5 Rxc4 26. Kg2 b5 27. Rh1 Ne6 28. Qe3 Nxg5 29. Qxg5 e4 30. Bxe4 Qe5 31. Qh6 Qg7 32. hxg6 fxg6 33. Qxg7+ Kxg7 34. Rd1 Rd8 35. Kg3 a5 36. d6 Rc5 37. d7 Kf6 38. f4 1-0


[Site "https://www.chess.com"]

[Event "Titled Tuesday Blitz February 21 Early 2023"]
[White "SulfatoFerroso"]
[Black "Quirke, Jeffrey"]
[BlackFideId "2013029"]
[WhiteElo "1776"]
[BlackElo "2007"]
[Result "0-1"]
[Round "04"]
[TimeControl "180+2"]
[Date "2023.02.21"]
[WhiteClock "0:00:02"]
[BlackClock "0:01:20"]

1. e4 g6 2. d4 Bg7 3. Nf3 d6 4. Bc4 e6 5. Nc3 Ne7 6. O-O a6 7. a4 b6 8. Bg5 h6 9. Be3 Bb7 10. Qd2 Nd7 11. Rfe1 Nf6 12. Rad1 Nxe4 13. Nxe4 Bxe4 14. d5 Bxd5 15. Bxd5 Nxd5 16. Bd4 O-O 17. c4 Nf6 18. Be3 Kh7 19. b4 a5 20. c5 axb4 21. cxb6 cxb6 22. Qxb4 Nd5 23. Rxd5 exd5 24. Bxb6 Qd7 25. a5 Rfb8 26. Rd1 Qc6 27. h4 Ra6 28. h5 Raxb6 29. axb6 Rxb6 30. Qg4 Qc2 0-1


[Site "https://www.chess.com"]

[Event "Titled Tuesday Blitz February 21 Early 2023"]
[White "Nakamura, Hikaru"]
[Black "Livaic, Leon"]
[WhiteFideId "2016192"]
[BlackFideId "14531534"]
[WhiteElo "2775"]
[BlackElo "2579"]
[Result "1-0"]
[Round "05"]
[TimeControl "180+2"]
[Date "2023.02.21"]
[WhiteClock "0:00:37"]
[BlackClock "0:00:03"]

1. Nf3 Nf6 2. g3 e6 3. Bg2 d5 4. O-O Be7 5. d3 O-O 6. Nbd2 c5 7. e4 Nc6 8. Re1 b5 9. e5 Nd7 10. Nf1 a5 11. h4 b4 12. h5 h6 13. Bf4 a4 14. a3 bxa3 15. bxa3 Nd4 16. c4 Nb3 17. Rb1 Nb6 18. N3d2 Nxd2 19. Qxd2 Ra6 20. Qc2 Bg5 21. Be3 d4 22. Bxg5 Qxg5 23. Qe2 Nd7 24. f4 Qe7 25. Nd2 f6 26. Nf3 fxe5 27. Nxe5 Nxe5 28. Qxe5 Bd7 29. Rb7 Qd6 30. Bh3 Qxe5 31. Rxe5 Be8 32. Bxe6+ Kh8 33. Rb8 g5 34. Bd5 Kg7 35. Rexe8 Rxe8 36. Rxe8 gxf4 37. gxf4 Rf6 38. Re7+ Kh8 39. Ra7 Rxf4 40. Be4 Rh4 41. Bg6 Rg4+ 42. Kf2 Rh4 43. Rxa4 Rh3 44. Ra7 Kg8 45. a4 Rh2+ 1-0


[Site "https://www.chess.com"]

[Event "Titled Tuesday Blitz February 21 Early 2023"]
[White "Andreikin, Dmitry"]
[Black "Predke, Alexandr"]
[WhiteFideId "4158814"]
[BlackFideId "24107581"]
[WhiteElo "2729"]
[BlackElo "2685"]
[Result "1-0"]
[Round "05"]
[TimeControl "180+2"]
[Date "2023.02.21"]
[WhiteClock "0:00:51"]
[BlackClock "0:00:02"]

1. c4 c5 2. Nc3 Nc6 3. g3 g6 4. Bg2 Bg7 5. d3 d6 6. Bd2 e5 7. a3 Nge7 8. Rb1 a5 9. Nf3 O-O 10. h4 Bg4 11. Nh2 Be6 12. h5 gxh5 13. Nf1 f5 14. Rxh5 Qe8 15. Rh1 Qg6 16. Ne3 Nd4 17. Ned5 Nxd5 18. Nxd5 Bxd5 19. Bxd5+ Kh8 20. e3 Nc6 21. Qh5 Qxh5 22. Rxh5 Ne7 23. Bxb7 Ra7 24. Bg2 Ng6 25. Ke2 h6 26. Bd5 Kh7 27. Rbh1 Ne7 28. e4 f4 29. gxf4 exf4 30. Bc3 1-0


[Site "https://www.chess.com"]

[Event "Titled Tuesday Blitz February 21 Early 2023"]
[White "Gokerkan, Cem Kaan"]
[Black "Sarana, Alexey"]
[WhiteFideId "6336760"]
[BlackFideId "24133795"]
[WhiteElo "2500"]
[BlackElo "2685"]
[Result "1-0"]
[Round "05"]
[TimeControl "180+2"]
[Date "2023.02.21"]
[WhiteClock "0:00:05"]
[BlackClock "0:00:02"]

1. e4 e5 2. Nc3 Nf6 3. f4 d5 4. fxe5 Nxe4 5. Qf3 Nxc3 6. bxc3 Be6 7. d4 c5 8. Rb1 Qd7 9. Bb5 Nc6 10. Ne2 Be7 11. O-O O-O 12. Be3 cxd4 13. cxd4 a6 14. Bd3 Nb4 15. Nf4 Nxd3 16. cxd3 Rac8 17. Qg3 Kh8 18. Nh5 Rg8 19. Bg5 Rc2 20. Bxe7 Qxe7 21. Rf4 Rxa2 22. Rbf1 b5 23. Rh4 g5 24. Nf6 Qxf6 25. Rxh7+ Kxh7 26. Rxf6 Ra1+ 27. Kf2 Ra2+ 28. Ke3 Rg7 29. h4 Ra1 30. hxg5 Rh1 31. Qf3 b4 32. g4 Rh4 33. g6+ Rxg6 34. Rxg6 fxg6 35. Qf6 Rh3+ 36. Kf4 Bg8 37. Kg5 b3 38. Qxg6+ Kh8 39. Qf6+ Kh7 40. Qf5+ Kh8 41. Qf6+ Kh7 42. Qb6 Bf7 43. e6 Rh6 44. Qb7 Rg6+ 45. Kf4 Rf6+ 46. Kg5 1-0


[Site "https://www.chess.com"]

[Event "Titled Tuesday Blitz February 21 Early 2023"]
[White "Movahed, Sina"]
[Black "Fedoseev, Vladimir"]
[WhiteFideId "42520835"]
[BlackFideId "24130737"]
[WhiteElo "2340"]
[BlackElo "2680"]
[Result "1-0"]
[Round "05"]
[TimeControl "180+2"]
[Date "2023.02.21"]
[WhiteClock "0:01:06"]
[BlackClock "0:00:35"]

1. e4 c5 2. Nf3 d6 3. d4 cxd4 4. Nxd4 Nf6 5. Nc3 a6 6. Bg5 e6 7. f4 h6 8. Bh4 Qb6 9. a3 Nbd7 10. Bf2 Qc7 11. Qe2 e5 12. Nd5 Nxd5 13. exd5 Qa5+ 14. c3 Qxd5 15. O-O-O Qa2 16. Nc2 a5 17. g3 Be7 18. Bg2 Qe6 19. Bd5 Qg6 20. Be4 Qe6 21. f5 Bg5+ 22. Kb1 Qe7 23. h4 Bf6 24. g4 O-O 25. g5 hxg5 26. hxg5 Bxg5 27. Qh5 Bh6 28. Rdg1 1-0


[Site "https://www.chess.com"]